 Dungeon Crawl Stone Soup version 0.30-b1-2-g02819fbbbe (webtiles) character file.

Game seed: 2630655310199929961

5628 sanka the Thaumaturge (level 10, -3/56 HPs)
             Began as a Deep Elf Artificer on May 11, 2023.
             Was an Initiate of Vehumet.
             Killed from afar by a starcursed mass (11 damage)
             ... with an accursed screaming
             ... on level 1 of the Abyss.
             The game lasted 00:21:48 (9469 turns).

sanka the Thaumaturge (Deep Elf Artificer)          Turns: 9469, Time: 00:21:49

Health: -3/56      AC: 11    Str:  9    XL:     10   Next: 46%
Magic:  17/26      EV: 25    Int: 21    God:    Vehumet [......]
Gold:   372        SH:  0    Dex: 15    Spells: 12/29 levels left

rFire   . . .        L - +4 halberd
rCold   + . .        (shield currently unavailable)
rNeg    . . .        K - +0 steam dragon scales
rPois   .            e - +2 helmet
rElec   .            (no cloak)
rCorr   +            (no gloves)
SInv    .            D - +2 pair of boots
Will    +....        t - amulet "Athirer" {rC+ Regen+ rCorr}
Stlth   ++           k - +5 ring of evasion
HPRegen 1.09/turn    x - +5 ring of evasion
MPRegen 0.20/turn

%: no passive effects
@: slowed, very slow
A: no striking features
a: Renounce Religion


You were on level 1 of the Abyss.
You worshipped Vehumet.
Vehumet was noncommittal.
You visited 2 branches of the dungeon, and saw 10 of its levels.
You visited the Abyss 1 time.

You collected 732 gold pieces.
You spent 360 gold pieces at shops.

Inventory:

Hand Weapons
 b - a +3 dagger of distortion
 E - a +0 flail of holy wrath
 L - a +4 halberd (weapon)
Armour
 e - a +2 helmet (worn)
 D - a +2 pair of boots (worn)
 K - +0 steam dragon scales (worn)
Magical Staves
 C - a staff of fire
Jewellery
 k - a +5 ring of evasion (left hand)
 m - a +6 ring of strength
 n - a ring of willpower
 t - the amulet "Athirer" (around neck) {rC+ Regen+ rCorr}
   (You bought it in a shop on level 2 of the Dungeon)

   [amulet of regeneration]

   rC:        It protects you from cold.
   Regen:     It increases your rate of health regeneration.
   rCorr:     It protects you from acid and corrosion.
 x - a +5 ring of evasion (right hand)
 I - a ring of wizardry
 M - a ring of fire
Wands
 c - a wand of flame (32)
 d - a wand of charming (8)
 Q - a wand of roots (5)
Scrolls
 f - 4 scrolls of teleportation {@r4}
 i - 2 scrolls of vulnerability {!r}
 l - a scroll of fear
 p - a scroll of silence {unknown}
 r - a scroll of poison {!r}
 v - 2 scrolls of noise {!r}
 y - a scroll of enchant weapon
 A - 2 scrolls of immolation {!r}
 G - a scroll of fog
 J - a scroll of enchant armour
 O - a scroll of amnesia {unknown}
Potions
 a - a potion of degeneration {unknown}
 g - 2 potions of ambrosia {unknown}
 h - a potion of berserk rage {unknown}
 j - a potion of magic {unknown}
 o - 8 potions of curing {unknown}
 q - 2 potions of attraction {unknown}
 s - 4 potions of mutation {unknown}
 u - a potion of lignification {unknown}
 w - 3 potions of heal wounds {unknown}
 z - a potion of might {unknown}
 B - 2 potions of flight {unknown}
 F - a potion of brilliance {unknown}
 H - a potion of haste {@q3}
 N - a potion of cancellation {unknown}


   Skills:
 - Level 4.1 Fighting
 - Level 0.7 Armour
 - Level 6.4 Dodging
 - Level 1.2 Stealth
 + Level 10.2 Spellcasting
 + Level 9.9 Conjurations
 - Level 5.0 Air Magic
 - Level 5.0 Earth Magic
 - Level 4.0 Evocations


You had 12 spell levels left.
You knew the following spells:

 Your Spells              Type           Power      Damage    Failure   Level
a - Stone Arrow           Conj/Erth      84%        3d12      1%          3
b - Vhi's Electric Charg  Tloc/Air       42%        N/A       7%          3
c - Arcjolt               Conj/Air       21%        1d31      9%          5
d - Plasma Beam           Fire/Air       10%        2x1d23    98%         6

Your spell library contained the following spells:

 Spells                   Type           Power      Damage    Failure   Level
 Sandblast                Erth           62%        2d14      1%          1
 Static Discharge         Conj/Air       84%        2-6/arc   1%          2
 Passwall                 Tmut/Erth      17%        N/A       3%          2
 Apportation              Tloc           20%        N/A       6%          1
 Necrotise                Necr           40%        1d6       6%          1
 Summon Small Mammal      Summ           40%        N/A       6%          1
 Airstrike                Air            15%        2d(3-19)  9%          4
 Blink                    Tloc           20%        N/A       10%         2
 Summon Lightning Spire   Summ/Air       21%        N/A       22%         4
 Manifold Assault         Tloc           10%        N/A       54%         4
 Storm Form               Tmut/Air       10%        N/A       100%        7


Dungeon Overview and Level Annotations

Branches:
Dungeon (9/15)             Temple (1/1) D:7
   Lair: D:8-11         Orc: D:9-12

Altars:
Ashenzari
Cheibriados
Fedhas
Gozag
Hepliaklqana
Kikubaaqudgha
Nemelex Xobeh
Okawaru
Qazlal
Ru
Sif Muna
Trog
Uskayaw
Vehumet
Wu Jian
Yredelemnul
Zin
The Shining One

Shops:
D:2 *   D:3 [   D:6 *

Annotations:
D:9 Erolcha


Message History

Casting: Stone Arrow (safe; 1% risk of failure)
Confirm with . or Enter, or press ? or * to list all spells.
The spell is quite dangerous to miscast (9% risk of failure)!
Continue anyway?
Electricity surges outward!
The starcursed mass is struck by an electric surge!
The starcursed mass is severely damaged.
The starcursed mass is struck by an electric surge!
The starcursed mass is almost destroyed.
The starcursed mass shudders and is absorbed by its neighbour. x2
Unknown command.
Unknown command.
You are too injured to fight recklessly!
You are too injured to fight recklessly!
Unknown command.
You hit the starcursed mass but do no damage.
The starcursed mass is severely damaged.
A starcursed mass splits.
A tentacled starspawn comes into view.
The starcursed mass completely misses you.
A starcursed mass splits.
Casting: Arcjolt (quite dangerous; 9% risk of failure)
Confirm with . or Enter, or press ? or * to list all spells.
The spell is quite dangerous to miscast (9% risk of failure)!
Continue anyway?
Electricity surges outward!
The starcursed mass is struck by an electric surge!
You destroy the starcursed mass!
Vehumet accepts your kill.
The starcursed mass is struck by an electric surge!
You destroy the starcursed mass!
Vehumet accepts your kill.
A starcursed mass splits.
Unknown command.
Unknown command.
The starcursed mass attacks as you move away!
The starcursed mass touches you!
The tentacled starspawn closely misses you.
The tentacled starspawn tentacle-slaps you!
* * * LOW HITPOINT WARNING * * *
A chorus of shrieks assaults your mind.
You die...

# ##.###### .
..X...## #X#X.#
#@X#.#
#...X###.###
#.##. # X.# ##
. ##.
#XXX......
...## X..##....
.#...#.# #.##.
.##........X...
...#### #. X##.
## #... . .


You could see 4 starcursed masses and a tentacled starspawn.

Vanquished Creatures
  Erica (D:8)
  Psyche (D:8)
  A kobold demonologist (D:9)
  A troll (D:9)
  A wyvern (D:9)
  2 starcursed masses (Abyss:1)
  2 steam dragons
  2 vampire mosquitoes (D:8)
  Duvessa (D:5)
  2 orc warriors (D:9)
  A sky beast (D:7)
  An ogre (D:5)
  3 black bears
  An ice beast (D:7)
  3 centaurs
  3 phantoms
  3 kobold brigands
  3 bullfrogs
  A gnoll sergeant (D:8)
  A water moccasin zombie (D:5)
  2 scorpions
  A necrophage (D:5)
  7 wights
  Dowan (D:5)
  2 howler monkeys
  5 hounds
  A bullfrog zombie (D:5)
  4 orc priests
  A human zombie (D:5)
  2 jellies (D:6)
  3 sleepcaps
  A scorpion zombie (D:5)
  Natasha (thrice) (D:2)
  4 orc wizards
  A hound zombie (D:5)
  3 mummies (D:5)
  5 adders
  5 gnolls (D:8)
  2 shadow imps
  2 white imps
  An ufetubus (D:6)
  3 adder zombies (D:5)
  A worm (D:5)
  A dart slug (D:4)
  28 orcs
  5 endoplasms
  2 giant cockroaches (D:1)
  4 goblins
  4 hobgoblins
  16 kobolds
  3 quokkas
  5 ball pythons
  5 bats
  2 frilled lizards (D:1)
  6 rats
175 creatures vanquished.

Vanquished Creatures (others)
  A water moccasin (D:5)
  A black bear (D:5)
  A sleepcap (D:4)
  A goblin (D:1)
  A kobold (D:1)
  9 fungi (D:6)
14 creatures vanquished.

Grand Total: 189 creatures vanquished

Notes
Turn   | Place    | Note
-------+----------+-------------------------------------------
     0 | D:1      | sanka the Deep Elf Artificer began the quest for the Orb.
     0 | D:1      | Reached XP level 1. HP: 11/11 MP: 3/3
   286 | D:1      | Reached XP level 2. HP: 11/16 MP: 4/4
   970 | D:2      | Reached skill level 1 in Fighting
  1006 | D:2      | Noticed Natasha
  1010 | D:2      | Killed Natasha
  1011 | D:2      | Reached XP level 3. HP: 20/20 MP: 5/5
  1013 | D:2      | Noticed Natasha
  1016 | D:2      | Killed Natasha
  1064 | D:2      | Found Durev's Assorted Antiques.
  1074 | D:2      | Noticed Natasha
  1088 | D:2      | Killed Natasha
  1089 | D:2      | Reached XP level 4. HP: 10/26 MP: 6/6
  1362 | D:2      | Found a faded altar of an unknown god.
  1406 | D:2      | Bought a fine silver amulet for 120 gold pieces
  1406 | D:2      | Identified the amulet "Athirer" {rC+ Regen+ rCorr} (You
                  | bought it in a shop on level 2 of the Dungeon)
  1435 | D:3      | Found an ornate altar of the Wu Jian Council.
  1436 | D:3      | Found a sacrificial altar of Ru.
  1437 | D:3      | Found a sparkling altar of Nemelex Xobeh.
  1575 | D:3      | Found a hazy altar of Hepliaklqana.
  2233 | D:3      | Reached XP level 5. HP: 31/31 MP: 7/7
  2245 | D:3      | Found Giux's Armour Emporium.
  2378 | D:4      | Noticed a black bear
  2395 | D:4      | Killed a black bear
  2396 | D:4      | Reached skill level 5 in Dodging
  2558 | D:4      | Noticed a black bear
  2570 | D:4      | Killed a black bear
  2571 | D:4      | Reached XP level 6. HP: 30/37 MP: 8/8
  2844 | D:5      | Entered Level 5 of the Dungeon
  2923 | D:5      | Noticed a water moccasin
  3064 | D:5      | Noticed Duvessa
  3325 | D:5      | Learned a level 3 spell: Stone Arrow
  3348 | D:5      | Reached XP level 7. HP: 43/43 MP: 9/9
  3397 | D:5      | Reached skill level 1 in Conjurations
  3397 | D:5      | Reached skill level 1 in Earth Magic
  3407 | D:5      | Found an ancient bone altar of Kikubaaqudgha.
  3420 | D:5      | Reached skill level 1 in Spellcasting
  3513 | D:5      | Noticed Dowan
  3518 | D:5      | Killed Dowan
  3521 | D:5      | Killed Duvessa
  3522 | D:5      | Reached skill level 2 in Spellcasting
  3795 | D:5      | Reached XP level 8. HP: 48/48 MP: 14/14
  3809 | D:5      | Reached skill level 3 in Spellcasting
  4467 | D:6      | Found a blossoming altar of Fedhas.
  4485 | D:6      | Found Oxoinues's Assorted Antiques.
  4806 | D:6      | Reached skill level 4 in Spellcasting
  4806 | D:6      | Reached skill level 5 in Conjurations
  4938 | D:6      | Reached skill level 5 in Earth Magic
  5150 | D:6      | Found a glowing golden altar of the Shining One.
  5468 | D:6      | Bought a potion of haste for 240 gold pieces
  5485 | D:7      | Found a staircase to the Ecumenical Temple.
  5545 | D:7      | Reached skill level 5 in Spellcasting
  5729 | D:7      | Learned a level 3 spell: Vhi's Electric Charge
  5807 | D:7      | Reached XP level 9. HP: 52/52 MP: 9/19
  5888 | D:7      | Learned a level 5 spell: Arcjolt
  5895 | D:7      | Learned a level 6 spell: Plasma Beam
  5917 | D:7      | Reached skill level 1 in Air Magic
  6055 | D:7      | Reached skill level 6 in Spellcasting
  6998 | D:8      | Noticed Erica
  7000 | D:8      | Reached skill level 7 in Spellcasting
  7008 | D:8      | Killed Erica
  7009 | D:8      | Reached skill level 8 in Spellcasting
  7474 | D:8      | Reached XP level 10. HP: 56/56 MP: 17/24
  7741 | D:8      | Noticed Psyche
  7747 | D:8      | Killed Psyche
  8187 | D:9      | Reached skill level 5 in Air Magic
  8192 | D:9      | Noticed an orange demon
  8195 | D:9      | Reached skill level 9 in Spellcasting
  8734 | Temple   | Entered the Ecumenical Temple
  8788 | Temple   | Became a worshipper of Vehumet
  9114 | D:9      | Reached skill level 10 in Spellcasting
  9202 | D:9      | Noticed Erolcha
  9206 | Abyss:1  | Cast into level 1 of the Abyss (Erolcha)
  9238 | Abyss:1  | Noticed a large abomination
  9246 | Abyss:1  | Noticed a sixfirhy
  9403 | Abyss:1  | Noticed a large abomination
  9403 | Abyss:1  | Noticed a smoke demon
  9403 | Abyss:1  | Noticed a large abomination
  9403 | Abyss:1  | Noticed a glowing orange brain
  9403 | Abyss:1  | Noticed a hellephant
  9403 | Abyss:1  | Noticed a lich
  9403 | Abyss:1  | Noticed a rakshasa
  9418 | Abyss:1  | Noticed a large abomination
  9454 | Abyss:1  | Noticed a starcursed mass
  9465 | Abyss:1  | Noticed a starcursed mass
  9467 | Abyss:1  | Noticed a tentacled starspawn
  9468 | Abyss:1  | Killed a starcursed mass
  9468 | Abyss:1  | Killed a starcursed mass
  9469 | Abyss:1  | Killed from afar by a starcursed mass

Illustrated notes

Levels and vault maps discovered:
D:1:      tarquinn_simple_flora_water_c, layout_loops_ring,
          nicolae_eternal_life, chequers_decorated_corner, corner_web_ring
D:2:      layout_rooms, hellmonk_ecumenical_altar_pennies_from_heaven,
          serial_shops, shop, uniq_natasha
D:3:      layout_basic, lemuel_crystal_altar, nicolae_overflow_hidden_temple,
          serial_aquarium, aquarium_bridge_square [aquarium_subvault_wall,
          aquarium_subvault_bridge, aquarium_subvault_wall,
          aquarium_subvault_bridge], aquarium_window_1,
          aquarium_window_corridor_2, aquarium_window_fake, aquarium_view_2a,
          aquarium_pool_four, serial_shops, nicolae_shop_waterfront
D:4:      layout_cave_pools
D:5:      layout_loops_cross, lemuel_mausoleum_altar_kikubaaqudgha, uniq_duvessa
D:6:      layout_basic, tso_metal_star, fedhas_ov_isle_minmay, serial_shops,
          shop, grunt_ministairs_7, minmay_misc_feat_tiny,
          dreamdust_mushroom_princess, grunt_decor_resistance
D:7:      layout_cave_pools, minmay_temple_entry_purple_smoke
D:8:      layout_loops_corners, uniq_erica, uniq_psyche
D:9:      layout_loops_ring, erik_orc_3, uniq_erolcha
Temple:   nicolae_temple_god_jail
Abyss:1:  base: D:1, hangedman_classic_abyss_death

Skill      XL: |  1  2  3  4  5  6  7  8  9 10 |
---------------+-------------------------------+-----
Evocations     | 4 |  4.0
Fighting       | 1 2 3 4 |  4.1
Dodging        | 3 4 5 6 |  6.4
Conjurations   | 3 6 8 9 |  9.9
Earth Magic    | 3 5 |  5.0
Spellcasting   | 2 5 8 10 | 10.2
Air Magic      | 4 5 |  5.0
Armour         | |  0.7
Stealth        | |  1.2

Action                     |  1- 3 |  4- 6 |  7- 9 | 10-12 || total
---------------------------+-------+-------+-------+-------++-------
  Melee: Club              |    50 |       |       |       ||    50
         Short sword       |    43 |       |       |       ||    43
         Punch             |     1 |     3 |     3 |       ||     7
         Falchion          |     5 |   174 |    71 |       ||   250
         Flail             |       |       |   125 |       ||   125
         Battleaxe         |       |       |    13 |       ||    13
         Halberd           |       |       |       |    43 ||    43
   Cast: Stone Arrow       |       |       |   100 |    39 ||   139
         Arcjolt           |       |       |       |     6 ||     6
  Evoke: Wand              |    12 |     6 |     8 |       ||    26
    Use: Scroll            |       |     6 |     5 |     2 ||    13
   Stab: Sleeping          |     4 |     3 |     2 |     2 ||    11
 Armour: Leather armour    |    25 |    26 |    45 |       ||    96
         Steam dragon scal |       |       |       |    16 ||    16
  Dodge: Dodged            |    87 |   178 |   308 |   143 ||   716
